 Dungeon Crawl Stone Soup version 0.29.0-15-g675c0067aa (webtiles) character file.

Game seed: 2898330237443425954

11323 qw the Cleaver (level 11, -6/72 HPs)
             Began as a Gargoyle Delver on Sept 11, 2022.
             Was an Elder of Okawaru.
             Mangled by a bog body (15 damage)
             ... on level 2 of the Lair of Beasts.
             The game lasted 00:04:10 (9457 turns).

qw the Cleaver (Gargoyle Delver)                    Turns: 9457, Time: 00:04:11

Health: -6/72      AC: 32    Str: 19    XL:     11   Next: 75%
Magic:  13/15      EV: 10    Int: 12    God:    Okawaru [****..]
Gold:   542        SH:  0    Dex: 11    Spells: 10/10 levels left

rFire   + . .      SeeInvis .   Y - +3 war axe (venom)
rCold   . . .      Faith    .   (no shield)
rNeg    + . .      Spirit   .   w - +0 chain mail
rPois   inf        Reflect  .   r - +1 helmet
rElec   +          Harm     .   (no cloak)
rCorr   .          Rampage  .   m - +2 pair of gloves
Will    .....                   l - +0 pair of boots
Stlth   +.........              n - amulet of regeneration
HPRegen 1.02/turn               d - +4 ring of protection
MPRegen 0.14/turn               c - ring of protection from fire

@: about to teleport, heroic, marked, slowed, very slow
A: sickness immunity, AC +8, negative energy resistance 1, electricity
resistance, torment resistance 1, petrification resistance
a: Renounce Religion, Heroism, Finesse


You were on level 2 of the Lair of Beasts.
You worshipped Okawaru.
Okawaru was greatly pleased with you.
You visited 3 branches of the dungeon, and saw 11 of its levels.
You visited the Abyss 1 time.

You collected 607 gold pieces.
You spent 65 gold pieces at shops.


Innate Abilities, Weirdness & Mutations

You are immune to sickness and miasma.
Your stone body is resilient. (AC +8)
You are immune to poison.
You resist negative energy. (rN+)
You are resistant to electric shocks. (rElec)
You are resistant to unholy torment.
You are immune to petrification.


   Skills:
 - Level 10.0(15.0) Fighting
 + Level 12.0(17.0) Axes
 - Level 1.7(6.7) Throwing
 - Level 8.0(13.0) Armour
 - Level 2.1(7.1) Dodging
 - Level 5.4(10.4) Stealth
 + Level 6.1 Invocations


You had 10 spell levels left.
You didn't know any spells.
Your spell library was empty.

Inventory:

Hand Weapons
 b - a -2 eveningstar
 Y - a +3 war axe of venom (weapon)
Missiles
 i - a boomerang (quivered)
Armour
 l - a +0 pair of boots (worn)
 m - a +2 pair of gloves (worn)
 r - a +1 helmet (worn)
 w - a +0 chain mail (worn)
Jewellery
 c - a ring of protection from fire (right hand)
 d - a +4 ring of protection (left hand)
 h - a ring of fire
 n - an amulet of regeneration (around neck)
 o - a ring of positive energy
Wands
 g - a wand of digging (3)
Scrolls
 a - 2 scrolls of identify
Potions
 e - a potion of heal wounds
 f - 2 potions of haste
 k - 2 potions of might
 s - 3 potions of curing
 t - a potion of mutation

Dungeon Overview and Level Annotations

Branches:
Dungeon (8/15)             Temple (1/1) D:7            Lair (2/5) D:8
  Swamp: Lair:2-3    Shoals: Lair:2-3     Snake: Lair:2-3    Spider: Lair:2-3

Altars:
Ashenzari
Cheibriados
Dithmenos
Elyvilon
Gozag
Hepliaklqana
Kikubaaqudgha
Makhleb
Nemelex Xobeh
Okawaru
Qazlal
Ru
Sif Muna
Trog
Uskayaw
Vehumet
Wu Jian
Yredelemnul
Zin
The Shining One

Shops:
D:5 *   D:6 (

Annotations:
D:4 Natasha
D:6 3 runed translucent doors, qw's ghost, novice DsCA; qw's ghost, novice GrDe; qw's ghost, novice MiBe
D:7 1 runed translucent door


Message History

The flash freeze hits you.
You are encased in ice.
You slash the rime drake!
The rime drake looks as sick as possible!
The rime drake is heavily wounded.
The rime drake bites you but does no damage.
A naga comes into view. It is wielding a +0 short sword.
A cane toad comes into view.
The bog body points at you and mumbles some strange words.
You resist with significant effort.
9452 ||| INVOKING Heroism.
You gain the combat prowess of a mighty hero.
The rime drake bites you but does no damage.
The rime drake completely misses you. The bog body casts a spell at you.
The bolt of cold hits you but does no damage.
You closely miss the rime drake.
The rime drake is severely wounded.
You slash the rime drake!
You kill the rime drake!
Okawaru accepts your kill.
Your base Fighting skill increases to level 10!
The ice encasing you melts away. The bog body casts a spell at you.
You feel yourself slow down.
A yak comes into view.
The bog body casts a spell at you. The bolt of cold hits you!!
You barely miss the bog body. You hit the bog body.
The bog body barely misses you.
A yak comes into view.
The bog body touches you! The bog body freezes you!!
9457 ||| READING scroll of teleportation.
As you read the scroll of teleportation, it crumbles to dust.
You feel strangely unstable. The bog body casts a spell at you.
The bolt of cold hits you but does no damage.
A yak comes into view.
The bog body touches you. The bog body freezes you!
You die...

#......# .......#
..._....# ###.....#.
.......## .. ........
.......
........#...##.....#
.##.... #...#......# #.
. .P...#.#.....##### ##
.PP##.#....F.....Y
..........@n...Y..
...........n....Y.
.............%....N.....
........................
........................
........................
.P....####..##.......##.
......#.######.......#
.......####.##.......+


You could see 2 bog bodies, 3 yaks, a cane toad and a naga.

Vanquished Creatures
  A hydra (Lair:2)
  Pikel (D:4)
  3 cane toads
  Maggie (D:8)
  A rime drake (Lair:2)
  3 komodo dragons
  Psyche (D:7)
  A hornet (D:8)
  3 blink frogs (Lair:1)
  3 wyverns
  4 yaks
  2 basilisks (D:8)
  7 water moccasins
  Duvessa (D:4)
  2 sky beasts (D:6)
  An orc warrior (D:7)
  3 ice beasts
  3 black bears
  4 wolves (Lair:1)
  5 ogres
  3 lemures (D:4)
  2 kobold brigands
  5 bullfrogs
  4 scorpions
  A gnoll sergeant (D:7)
  Dowan (D:4)
  10 wights
  12 killer bees
  A lava snake (D:8)
  5 starcursed masses (Abyss:1)
  2 jellies (D:6)
  2 orc priests
  6 hounds
  4 iguanas (D:6)
  5 orc wizards
  Natasha (D:4)
  7 adders
  13 gnolls
  A shadow imp (D:6)
  2 white imps
  3 dart slugs
  16 orcs
  5 bats
  8 endoplasms
  2 giant cockroaches
  7 goblins
  5 hobgoblins
  3 jackals (D:2)
  A quokka (D:5)
  10 ball pythons
  2 frilled lizards (D:1)
  32 kobolds
  2 rats
233 creatures vanquished.

Vanquished Creatures (others)
  A jackal (D:2)
  5 fungi
  50 plants
56 creatures vanquished.

Grand Total: 289 creatures vanquished

Notes
Turn   | Place    | Note
-------+----------+-------------------------------------------
     0 | D:5      | qw the Gargoyle Delver began the quest for the Orb.
     0 | D:5      | Reached XP level 1. HP: 14/14 MP: 1/1
     0 | D:5      | 0 ||| qw: Version: 0.1-a-117-gfe26ee0
     0 | D:5      | 0 ||| qw: Game counter: 10167
     0 | D:5      | 0 ||| qw: Always use a shield: true
     0 | D:5      | 0 ||| qw: God list: Okawaru
     0 | D:5      | 0 ||| qw: Allow faded altars: false
     0 | D:5      | 0 ||| qw: Do Orc after D:15 true
     0 | D:5      | 0 ||| qw: Do second Lair branch before Depths: true
     0 | D:5      | 0 ||| qw: Lair rune preference: random
     0 | D:5      | 0 ||| qw: Plans: Normal
     0 | D:5      | 0 ||| PLANNING D:1-11
     1 | D:5      | 1 ||| DROPPING scroll of fog.
     2 | D:5      | 2 ||| DROPPING scroll of magic mapping.
     3 | D:5      | 3 ||| DROPPING scroll of fear.
   174 | D:4      | 174 ||| READING scroll labelled GEKHLIU RIYNA.
   182 | D:3      | Reached skill level 2 in Axes
   331 | D:2      | Reached XP level 2. HP: 19/19 MP: 2/2
   545 | D:2      | 545 ||| Stepping ~*~*~tactically~*~*~ (hiding).
   643 | D:2      | 643 ||| Stepping ~*~*~tactically~*~*~ (stealth).
   644 | D:2      | 644 ||| Stepping ~*~*~tactically~*~*~ (hiding).
   646 | D:2      | 646 ||| Stepping ~*~*~tactically~*~*~ (stealth).
   647 | D:2      | 647 ||| Stepping ~*~*~tactically~*~*~ (hiding).
   648 | D:2      | 648 ||| Stepping ~*~*~tactically~*~*~ (stealth).
   649 | D:2      | 649 ||| Stepping ~*~*~tactically~*~*~ (hiding).
   652 | D:2      | 652 ||| Stepping ~*~*~tactically~*~*~ (stealth).
   653 | D:2      | 653 ||| Stepping ~*~*~tactically~*~*~ (hiding).
   724 | D:2      | Reached skill level 3 in Axes
   724 | D:2      | Reached XP level 3. HP: 14/23 MP: 3/3
  1056 | D:2      | 1056 ||| READING scroll labelled IGHO XOAZXEILAMM.
  1111 | D:2      | 1111 ||| READING 3 scrolls of identify.
  1111 | D:2      | 1111 ||| IDENTIFYING white potion
  1112 | D:2      | 1112 ||| DROPPING potion of flight.
  1348 | D:1      | You fall into a shaft and drop 1 floor!
  1423 | D:2      | 1423 ||| UPGRADING to +4 ring of protection.
  1424 | D:2      | 1424 ||| READING scroll labelled TUSOCI SEYMU.
  1464 | D:2      | 1464 ||| DROPPING +0 club.
  1486 | D:2      | 1486 ||| READING scroll labelled GISTRA BIUGGAAF.
  1902 | D:1      | Found a faded altar of an unknown god.
  2216 | D:1      | Reached XP level 4. HP: 27/28 MP: 4/4
  2297 | D:1      | 2297 ||| UPGRADING to +0 helmet.
  2573 | D:2      | Reached skill level 4 in Axes
  2804 | D:2      | 2804 ||| READING 2 scrolls of identify.
  2804 | D:2      | 2804 ||| IDENTIFYING ruby potion
  3060 | D:3      | Found a hazy altar of Hepliaklqana.
  3076 | D:3      | 3076 ||| Stepping ~*~*~tactically~*~*~ (stealth).
  3081 | D:3      | 3081 ||| Stepping ~*~*~tactically~*~*~ (stealth).
  3082 | D:3      | 3082 ||| Stepping ~*~*~tactically~*~*~ (stealth).
  3125 | D:3      | 3125 ||| Stepping ~*~*~tactically~*~*~ (hiding).
  3317 | D:3      | Noticed an ogre
  3330 | D:3      | Killed an ogre
  3331 | D:3      | Reached skill level 5 in Axes
  3331 | D:3      | Reached XP level 5. HP: 14/32 MP: 5/5
  3507 | D:3      | 3507 ||| Stepping ~*~*~tactically~*~*~ (stealth).
  3687 | D:3      | 3687 ||| Stepping ~*~*~tactically~*~*~ (stealth).
  3689 | D:3      | 3689 ||| Stepping ~*~*~tactically~*~*~ (stealth).
  3696 | D:3      | 3696 ||| Stepping ~*~*~tactically~*~*~ (hiding).
  3700 | D:3      | Reached skill level 1 in Armour
  3701 | D:3      | 3701 ||| Stepping ~*~*~tactically~*~*~ (stealth).
  3929 | D:3      | 3929 ||| UPGRADING to +2 pair of gloves.
  3934 | D:3      | 3934 ||| UPGRADING to +1 helmet.
  3944 | D:3      | 3944 ||| DROPPING +0 helmet.
  3945 | D:3      | 3945 ||| UPGRADING to amulet of regeneration.
  3950 | D:3      | 3950 ||| UPGRADING to ring of positive energy.
  3951 | D:3      | 3951 ||| READING scroll labelled SAFFAO BAJUO.
  3952 | D:3      | 3952 ||| READING scroll labelled USAOVUF UH HIU.
  3996 | D:4      | Noticed a lemure
  3998 | D:4      | Noticed Pikel
  3999 | D:4      | 3999 ||| Stepping ~*~*~tactically~*~*~ (stealth).
  4002 | D:4      | Noticed a lemure
  4014 | D:4      | 4014 ||| Stepping ~*~*~tactically~*~*~ (stealth).
  4029 | D:4      | Killed a lemure
  4050 | D:4      | Killed a lemure
  4066 | D:4      | Noticed a lemure
  4066 | D:4      | Noticed a lemure
  4067 | D:4      | 4067 ||| Stepping ~*~*~tactically~*~*~ (stealth).
  4069 | D:4      | 4069 ||| Stepping ~*~*~tactically~*~*~ (stealth).
  4082 | D:4      | Killed a lemure
  4106 | D:4      | Killed Pikel
  4107 | D:4      | Reached XP level 6. HP: 38/44 MP: 6/6
  4107 | D:4      | Reached XP level 7. HP: 42/48 MP: 7/7
  4144 | D:4      | 4144 ||| Stepping ~*~*~tactically~*~*~ (stealth).
  4148 | D:4      | 4148 ||| Stepping ~*~*~tactically~*~*~ (stealth).
  4150 | D:4      | 4150 ||| Stepping ~*~*~tactically~*~*~ (stealth).
  4151 | D:4      | 4151 ||| Stepping ~*~*~tactically~*~*~ (stealth).
  4152 | D:4      | 4152 ||| Stepping ~*~*~tactically~*~*~ (stealth).
  4159 | D:4      | 4159 ||| Stepping ~*~*~tactically~*~*~ (stealth).
  4161 | D:4      | 4161 ||| Stepping ~*~*~tactically~*~*~ (stealth).
  4162 | D:4      | 4162 ||| Stepping ~*~*~tactically~*~*~ (stealth).
  4163 | D:4      | 4163 ||| Stepping ~*~*~tactically~*~*~ (stealth).
  4165 | D:4      | 4165 ||| Stepping ~*~*~tactically~*~*~ (stealth).
  4166 | D:4      | 4166 ||| Stepping ~*~*~tactically~*~*~ (stealth).
  4167 | D:4      | 4167 ||| Stepping ~*~*~tactically~*~*~ (stealth).
  4293 | D:4      | Noticed Dowan
  4295 | D:4      | Noticed Duvessa
  4332 | D:4      | Killed Duvessa
  4342 | D:4      | Killed Dowan
  4404 | D:4      | Noticed Natasha
  4413 | D:4      | Killed Natasha
  4414 | D:4      | Reached skill level 6 in Axes
  4414 | D:4      | Reached XP level 8. HP: 53/53 MP: 8/8
  4511 | D:4      | Noticed Natasha
  4674 | D:4      | 4674 ||| UPGRADING to +2 robe of fire resistance.
  4684 | D:4      | 4684 ||| DROPPING +0 leather armour.
  4685 | D:4      | 4685 ||| UPGRADING to +0 ring mail.
  4695 | D:4      | 4695 ||| DRINKING 2 viscous yellow potions.
  4696 | D:4      | 4696 ||| READING 2 scrolls of identify.
  4696 | D:4      | 4696 ||| IDENTIFYING coppery potion
  4697 | D:4      | 4697 ||| DROPPING potion of brilliance.
  4698 | D:4      | 4698 ||| DROPPING potion of attraction.
  4751 | D:5      | Found Yluh's Lightly-Used Armoury.
  4757 | D:5      | 4757 ||| BUYING -2 eveningstar (65 gold).
  4757 | D:5      | Bought a -2 eveningstar for 65 gold pieces
  4757 | D:5      | 4757 ||| DROPPING +0 flail.
  4869 | D:5      | 4869 ||| Stepping ~*~*~tactically~*~*~ (stealth).
  4882 | D:5      | Reached skill level 7 in Axes
  4888 | D:5      | 4888 ||| FLEEEEING.
  4889 | D:5      | 4889 ||| Stepping ~*~*~tactically~*~*~ (stealth).
  4991 | D:5      | Reached skill level 1 in Throwing
  5034 | D:5      | 5034 ||| Stepping ~*~*~tactically~*~*~ (hiding).
  5100 | D:5      | 5100 ||| Stepping ~*~*~tactically~*~*~ (stealth).
  5102 | D:5      | 5102 ||| Stepping ~*~*~tactically~*~*~ (stealth).
  5229 | D:5      | 5229 ||| DROPPING +2 robe of fire resistance.
  5230 | D:5      | 5230 ||| UPGRADING to +0 pair of boots.
  5235 | D:5      | 5235 ||| UPGRADING to +0 chain mail.
  5245 | D:5      | 5245 ||| DROPPING +0 ring mail.
  5246 | D:5      | 5246 ||| READING scroll labelled QODOL CUZO.
  5276 | D:6      | Found an ornate altar of the Wu Jian Council.
  5294 | D:6      | Reached skill level 3 in Armour
  5325 | D:6      | Reached XP level 9. HP: 57/57 MP: 9/9
  5385 | D:6      | 5385 ||| Stepping ~*~*~tactically~*~*~ (hiding).
  5430 | D:6      | 5430 ||| Stepping ~*~*~tactically~*~*~ (stealth).
  5488 | D:6      | Found a runed translucent gate.
  5488 | D:6      | Found a runed translucent gate.
  5495 | D:6      | Found a runed translucent gate.
  5504 | D:6      | Reached skill level 8 in Axes
  5504 | D:6      | Noticed qw's ghost (novice GrDe)
  5504 | D:6      | Noticed qw's ghost (novice MiBe)
  5504 | D:6      | Noticed qw's ghost (novice DsCA)
  5518 | D:6      | 5518 ||| Stepping ~*~*~tactically~*~*~ (stealth).
  5534 | D:6      | Found Xesuzuet's Weapon Shoppe.
  5539 | D:6      | 5539 ||| SHOPLISTING +9 morningstar "Bouteb" {vorpal, Drain
                  | rPois Str+2 Stlth+} (890 gold, have 266).
  5740 | D:6      | 5740 ||| Stepping ~*~*~tactically~*~*~ (stealth).
  5749 | D:6      | Found an opulent altar of Gozag.
  5751 | D:6      | 5751 ||| Stepping ~*~*~tactically~*~*~ (stealth).
  5872 | D:6      | 5872 ||| Stepping ~*~*~tactically~*~*~ (hiding).
  6110 | D:6      | 6110 ||| DROPPING amulet of the acrobat.
  6111 | D:6      | 6111 ||| UPGRADING to ring of protection from fire.
  6113 | D:6      | 6113 ||| DRINKING 2 bubbling clear potions.
  6114 | D:6      | 6114 ||| READING 2 scrolls of identify.
  6114 | D:6      | 6114 ||| IDENTIFYING fuming pink potion
  6115 | D:6      | 6115 ||| DROPPING potion of ambrosia.
  6116 | D:6      | 6116 ||| DROPPING potion of degeneration.
  6168 | D:7      | Reached skill level 9 in Axes
  6193 | D:7      | 6193 ||| Stepping ~*~*~tactically~*~*~ (hiding).
  6242 | D:7      | 6242 ||| SWAPPING to +0 war axe.
  6256 | D:7      | HP: 13/57 [gnoll sergeant/+0 spear (5)]
  6257 | D:7      | 6257 ||| READING scroll of teleportation.
  6258 | D:7      | 6258 ||| DRINKING 2 potions of heal wounds.
  6294 | D:7      | 6294 ||| DROPPING +0 hand axe of draining.
  6340 | D:7      | 6340 ||| Stepping ~*~*~tactically~*~*~ (hiding).
  6357 | D:7      | Reached skill level 6 in Armour
  6357 | D:7      | Found a staircase to the Ecumenical Temple.
  6358 | D:7      | 6358 ||| PLANNING TEMPLE
  6376 | Temple   | Entered the Ecumenical Temple
  6445 | Temple   | 6445 ||| PLANNING D:1-11
  6474 | Temple   | Became a worshipper of Warmaster Okawaru
  6592 | D:7      | Found a radiant altar of Vehumet.
  6627 | D:7      | 6627 ||| Stepping ~*~*~tactically~*~*~ (hiding).
  6650 | D:7      | 6650 ||| Stepping ~*~*~tactically~*~*~ (stealth).
  6670 | D:7      | 6670 ||| Stepping ~*~*~tactically~*~*~ (stealth).
  6678 | D:7      | 6678 ||| Stepping ~*~*~tactically~*~*~ (stealth).
  6829 | D:7      | 6829 ||| Stepping ~*~*~tactically~*~*~ (hiding).
  6830 | D:7      | 6830 ||| Stepping ~*~*~tactically~*~*~ (hiding).
  6832 | D:7      | 6832 ||| Stepping ~*~*~tactically~*~*~ (hiding).
  6922 | D:7      | 6922 ||| Stepping ~*~*~tactically~*~*~ (stealth).
  6959 | D:7      | 6959 ||| READING scroll of brand weapon.
  6959 | D:7      | 6959 ||| BRANDING +0 war axe.
  6967 | D:7      | Found a runed translucent door.
  6972 | D:7      | Found a basalt altar of Yredelemnul.
  6986 | D:7      | Reached skill level 10 in Axes
  6986 | D:7      | Reached XP level 10. HP: 63/63 MP: 10/10
  7017 | D:7      | Reached * piety under Okawaru
  7165 | D:7      | 7165 ||| Stepping ~*~*~tactically~*~*~ (stealth).
  7170 | D:7      | 7170 ||| Stepping ~*~*~tactically~*~*~ (stealth).
  7171 | D:7      | 7171 ||| Stepping ~*~*~tactically~*~*~ (stealth).
  7177 | D:7      | Reached skill level 1 in Invocations
  7256 | D:7      | 7256 ||| READING scroll labelled HOEL WOUFEO.
  7357 | D:7      | 7357 ||| READING scroll labelled BOITEQE GAONWY.
  7376 | D:7      | 7376 ||| Stepping ~*~*~tactically~*~*~ (hiding).
  7429 | D:8      | Noticed Psyche
  7430 | D:8      | 7430 ||| Stepping ~*~*~tactically~*~*~ (hiding).
  7430 | D:8      | Found a staircase to the Lair.
  7431 | D:8      | 7431 ||| INVOKING Heroism.
  7437 | Abyss:1  | Found a corrupted altar of Lugonu.
  7437 | Abyss:1  | Cast into level 1 of the Abyss (Psyche)
  7458 | Abyss:1  | Noticed a starcursed mass
  7463 | Abyss:1  | 7463 ||| INVOKING Heroism.
  7481 | Abyss:1  | 7481 ||| INVOKING Heroism.
  7482 | Abyss:1  | Killed a starcursed mass
  7485 | Abyss:1  | HP: 6/64 [starcursed mass (16)]
  7486 | Abyss:1  | 7486 ||| DRINKING 2 potions of heal wounds.
  7487 | Abyss:1  | Killed a starcursed mass
  7490 | Abyss:1  | Killed a starcursed mass
  7491 | Abyss:1  | Reached skill level 3 in Invocations
  7497 | D:8      | Escaped the Abyss
  7499 | D:8      | 7499 ||| INVOKING Heroism.
  7503 | D:8      | HP: 11/64 [something (17)]
  7503 | D:8      | HP: 5/64 [wyvern (6)]
  7504 | D:8      | 7504 ||| DRINKING potion of heal wounds.
  7505 | D:8      | 7505 ||| DRINKING potion of cancellation.
  7507 | D:8      | 7507 ||| FLEEEEING.
  7508 | D:8      | 7508 ||| STAIRDANCE
  7555 | D:8      | 7555 ||| STAIRDANCE
  7557 | D:7      | 7557 ||| INVOKING Heroism.
  7564 | D:7      | Killed Psyche
  7586 | D:8      | 7586 ||| STAIRDANCE
  7595 | D:7      | 7595 ||| INVOKING Heroism.
  7598 | D:7      | Reached ** piety under Okawaru
  7599 | D:7      | Reached skill level 11 in Axes
  7628 | D:7      | 7628 ||| SWAPPING to +3 war axe of freezing.
  7629 | D:7      | 7629 ||| DROPPING +0 war axe of chaos.
  7765 | D:8      | Noticed Maggie
  7767 | D:8      | 7767 ||| INVOKING Heroism.
  7777 | D:8      | Killed Maggie
  7842 | D:8      | 7842 ||| Stepping ~*~*~tactically~*~*~ (stealth).
  7843 | D:8      | 7843 ||| Stepping ~*~*~tactically~*~*~ (stealth).
  7860 | D:8      | Reached *** piety under Okawaru
  7867 | D:8      | 7867 ||| INVOKING Heroism.
  7870 | D:8      | Reached XP level 11. HP: 41/69 MP: 11/14
  7935 | D:8      | Reached skill level 9 in Fighting
  8026 | D:8      | 8026 ||| INVOKING Heroism.
  8156 | D:8      | 8156 ||| PLANNING LAIR
  8156 | D:8      | 8156 ||| READING scroll labelled LAPRYL LEEGE.
  8157 | D:8      | 8157 ||| DRINKING 2 brown potions.
  8194 | D:8      | 8194 ||| DROPPING potion of lignification.
  8231 | Lair:1   | Entered Level 1 of the Lair of Beasts
  8232 | Lair:1   | 8232 ||| INVOKING Heroism.
  8381 | Lair:1   | 8381 ||| INVOKING Heroism.
  8540 | Lair:1   | 8540 ||| INVOKING Heroism.
  8627 | Lair:1   | 8627 ||| INVOKING Heroism.
  8635 | Lair:1   | Reached skill level 12 in Axes
  8682 | Lair:1   | Reached **** piety under Okawaru
  8817 | Lair:1   | 8817 ||| INVOKING Heroism.
  8818 | Lair:1   | 8818 ||| Stepping ~*~*~tactically~*~*~ (stealth).
  8832 | Lair:1   | 8832 ||| Stepping ~*~*~tactically~*~*~ (stealth).
  8854 | Lair:1   | 8854 ||| INVOKING Heroism.
  9055 | Lair:1   | 9055 ||| READING scroll of brand weapon.
  9055 | Lair:1   | 9055 ||| BRANDING +3 war axe of freezing.
  9062 | Lair:1   | 9062 ||| READING scroll labelled TOBRUP IKKIBUM.
  9063 | Lair:1   | 9063 ||| READING 3 scrolls of identify.
  9063 | Lair:1   | 9063 ||| IDENTIFYING fizzy dark potion
  9146 | Lair:2   | 9146 ||| INVOKING Heroism.
  9179 | Lair:2   | 9179 ||| INVOKING Heroism.
  9371 | Lair:2   | Noticed a six-headed hydra
  9372 | Lair:2   | 9372 ||| INVOKING Heroism.
  9373 | Lair:2   | 9373 ||| SWAPPING to -2 eveningstar.
  9381 | Lair:2   | Killed a six-headed hydra
  9381 | Lair:2   | Received a gift from Okawaru
  9382 | Lair:2   | 9382 ||| SWAPPING to +3 war axe of venom.
  9444 | Lair:2   | Reached skill level 6 in Invocations
  9447 | Lair:2   | Found a stormy altar of Qazlal.
  9447 | Lair:2   | Noticed a bog body
  9448 | Lair:2   | Noticed a bog body
  9452 | Lair:2   | 9452 ||| INVOKING Heroism.
  9456 | Lair:2   | HP: 11/72 [bog body (25)]
  9457 | Lair:2   | 9457 ||| READING scroll of teleportation.
  9457 | Lair:2   | Mangled by a bog body

Levels and vault maps discovered:
D:1:      minmay_arrival_stair_chambers, layout_loops_cross,
          shapermc_ecumenical_altar_notcrosses
D:2:      layout_loops_corners
D:3:      layout_loops_ring, mainiacjoe_overflow_paths
D:4:      layout_loops_ring, uniq_pikel, uniq_natasha, uniq_duvessa
D:5:      layout_rooms, overflow_temple_1_default, grunt_dithmenos_smoke,
          minmay_shop_damaged, hangedman_decor_peaks_small,
          kennysheep_generic_room_13
D:6:      layout_loops_ring, serial_shops, shop, gammafunk_ghost_cemetery,
          hangedman_feature_mirror
D:7:      kennysheep_kobold_camp, layout_basic, general_overflow_altar,
          dk_yredelemnul_ordeal, minmay_temple_entry_arrows,
          dreamdust_gnoll_farm
D:8:      layout_rooms, david_lair_generic, kennysheep_cluttered_room,
          uniq_psyche, uniq_maggie
Temple:   jpeg_temple_clearing
Lair:1:   layout_cave_pods, wad_woods_road_05
Lair:2:   layout_regular_city, skrybe_swamp_entry_bodies,
          guppyfry_snake_entry_garden, basic_altar, st_stairs_8

Skill      XL: |  1  2  3  4  5  6  7  8  9 10 11 |
---------------+----------------------------------+-----
Axes           | 2 3 5 6 7 10 11 12 | 12.0
Armour         | 1 4 6 7 8 |  8.0
Fighting       | 7 8 10 | 10.0
Throwing       | 1 |  1.7
Invocations    | 4 6 |  6.1
Dodging        | 2 |  2.1
Stealth        | |  5.4

Action                   |  1- 3 |  4- 6 |  7- 9 | 10-12 || total
-------------------------+-------+-------+-------+-------++-------
Melee: Hand axe          |   100 |   147 |   297 |       ||   544
       Punch             |     1 |     2 |     1 |     2 ||     6
       War axe           |       |       |   140 |   300 ||   440
       Eveningstar       |       |       |       |     7 ||     7
Throw: Boomerang         |       |    40 |    59 |    31 ||   130
Invok: Heroism           |       |       |       |    19 ||    19
  Use: Scroll            |     5 |     3 |     5 |     7 ||    20
       Potion            |       |       |     3 |     4 ||     7
 Stab: Sleeping          |     3 |     1 |       |       ||     4
       Distracted        |     1 |       |       |       ||     1
Armor: Leather armour    |    37 |    63 |    46 |       ||   146
       Chain mail        |       |       |   301 |   212 ||   513
       Ring mail         |       |       |    29 |       ||    29
Dodge: Dodged            |    48 |    65 |   226 |   135 ||   474

Table legend:
 A = Non-vault XP
 B = Vault XP
 C = Vault XP percentage of total XP
 D = Non-vault monster count
 E = Vault monster count
 F = Vault count percentage of total count
                 A         B        C        D         E       F
            +---------+---------+-------+---------+---------+-------
      Total |   13281 |    2895 |  17.9 |     188 |      43 |  18.6
            +---------+---------+-------+---------+---------+-------
        D:1 |      19 |       0 |   0.0 |      14 |       0 |   0.0
        D:2 |      75 |       0 |   0.0 |      20 |       0 |   0.0
        D:3 |     157 |       0 |   0.0 |      21 |       0 |   0.0
        D:4 |     158 |     934 |  85.5 |      10 |       4 |  28.6
        D:5 |     597 |       0 |   0.0 |      15 |       0 |   0.0
        D:6 |    1151 |     237 |  17.1 |      24 |       6 |  20.0
        D:7 |    1894 |     973 |  33.9 |      30 |      30 |  50.0
        D:8 |    2274 |     751 |  24.8 |      24 |       3 |  11.1
     Lair:1 |    3188 |       0 |   0.0 |      15 |       0 |   0.0
     Lair:2 |    2738 |       0 |   0.0 |       9 |       0 |   0.0
    Abyss:1 |    1030 |       0 |   0.0 |       6 |       0 |   0.0
            +---------+---------+-------+---------+---------+-------
